 Dungeon Crawl Stone Soup version 0.29.1-12-g30fa7ad0bf (webtiles) character file.

Game seed: 14709071430292741904

76 EarthwalkerPL the Covered (level 4, -4/40 HPs)
             Began as a Minotaur Fighter on Dec 23, 2022.
             Slain by a gnoll bouda
             ... wielding a +0 club
              (10 damage)
             ... on level 1 of the Dungeon.
             The game lasted 00:01:46 (1013 turns).

EarthwalkerPL the Covered (Minotaur Fighter)        Turns: 1013, Time: 00:01:46

Health: -4/40      AC:  7    Str: 22    XL:     4   Next: 12%
Magic:  3/3        EV:  9    Int:  5    God:
Gold:   56         SH:  4    Dex: 10    Spells: 3/3 levels left

rFire   . . .      SeeInvis .   a - +0 war axe
rCold   . . .      Faith    .   c - +0 buckler
rNeg    . . .      Spirit   .   b - +0 scale mail
rPois   .          Reflect  .   (helmet restricted)
rElec   .          Harm     .   (no cloak)
rCorr   .          Rampage  .   (no gloves)
Will    .....                   (no boots)
Stlth   ..........              (no amulet)
HPRegen 0.13/turn               (no ring)
MPRegen 0.08/turn               (no ring)

@: slowed, very slow
A: horns 2, retaliatory headbutt
a: no special abilities


You were on level 1 of the Dungeon.
You visited 1 branch of the dungeon, and saw 2 of its levels.

You collected 56 gold pieces.

Inventory:

Hand Weapons
 a - a +0 war axe (weapon)
Missiles
 e - 8 poisoned darts (quivered)
Armour
 b - a +0 scale mail (worn)
 c - a +0 buckler (worn)
Scrolls
 f - a scroll of noise {unknown}
 h - 2 scrolls of teleportation {unknown}
 i - a scroll of magic mapping {unknown}
Potions
 d - a potion of might
 g - a potion of heal wounds {unknown}
 j - a potion of ambrosia {unknown}


   Skills:
 * Level 4.2 Fighting
 * Level 3.2 Axes
 * Level 4.2 Armour
 * Level 1.5 Dodging
 * Level 4.2 Shields


You had 3 spell levels left.
You didn't know any spells.
Your spell library contained the following spells:

 Spells                   Type           Power      Damage    Failure   Level
 Summon Small Mammal      Summ           0%         N/A       87%         1
 Call Canine Familiar     Summ           0%         N/A       99%         3
 Summon Guardian Golem    Hex/Summ       0%         N/A       99%         3


Dungeon Overview and Level Annotations

Branches:
Dungeon (2/15)

Altars:

Annotations:
D:2 Jessica


Innate Abilities, Weirdness & Mutations

You have a pair of horns on your head.
You reflexively headbutt those who attack you in melee.


Message History

Pain shoots through your body!
The gnoll bouda barks out a call to the hunt!
The gnoll picks up the pace!
The gnoll shouts!
There is a stone staircase leading up here.
You climb upwards.
There is a stone staircase leading down here.
You start resting.
HP restored.
You climb downwards.
Level annotation: Jessica Jessica mumbles something strange.
Jessica mumbles some strange words.
Jessica blinks!
There is a stone staircase leading up here.
Jessica points at you and mumbles some strange words.
You feel yourself slow down.
The gnoll bouda barks out a call to the hunt!
The gnoll picks up the pace!
Jessica mumbles some strange words.
Jessica seems to speed up.
The gnoll hits you from afar with a +0 halberd!
The gnoll bouda hits you with a +0 club.
You climb upwards.
There is a stone staircase leading down here.
You closely miss the gnoll bouda.
You headbutt the gnoll bouda, but do no damage.
The gnoll bouda hits you with a +0 club. x2
You barely miss the gnoll bouda.
The gnoll bouda hits you with a +0 club.
The gnoll bouda closely misses you.
You hit the gnoll bouda. You headbutt the gnoll bouda.
The gnoll bouda is moderately wounded.
The gnoll bouda hits you with a +0 club.
The gnoll bouda hits you with a +0 club!
* * * LOW HITPOINT WARNING * * *
You hit the gnoll bouda.
The gnoll bouda is heavily wounded.
The gnoll bouda hits you with a +0 club!
You die...

.###....P..#.##.#.#.########
.# #.#............#.......#
.# #.....#.#.##...#.#####.#
## #####.#...##...#######.#
#..#####...........#
#.....##..##########
#.....##..# #.........#
#.....##g@# #.....##.##
#......#.# ##...⌠...#
##.8.8..# #......# ########


You could see a gnoll bouda.

Vanquished Creatures
  4 gnolls (D:2)
  A worm (D:2)
  2 dart slugs (D:1)
  2 endoplasms (D:1)
  4 giant cockroaches (D:1)
  A hobgoblin (D:1)
  2 quokkas (D:1)
  5 ball pythons (D:1)
  3 frilled lizards (D:1)
  3 goblins (D:1)
  2 kobolds (D:1)
  3 rats (D:1)
32 creatures vanquished.

Vanquished Creatures (others)
  3 plants (D:1)
3 creatures vanquished.

Grand Total: 35 creatures vanquished

Notes
Turn   | Place    | Note
-------+----------+-------------------------------------------
     0 | D:1      | EarthwalkerPL the Minotaur Fighter began the quest for the
                  | Orb.
     0 | D:1      | Reached XP level 1. HP: 19/19 MP: 0/0
   159 | D:1      | Reached XP level 2. HP: 27/27 MP: 1/1
   390 | D:1      | Reached skill level 1 in Dodging
   454 | D:1      | Reached XP level 3. HP: 33/33 MP: 2/2
   560 | D:2      | Noticed Jessica
   793 | D:2      | Reached XP level 4. HP: 31/40 MP: 3/3
  1013 | D:1      | Slain by a gnoll bouda

Illustrated notes

Levels and vault maps discovered:
D:1:      spicycebolla_arrival_clurvy, layout_basic, hangedman_feature_mirror
D:2:      layout_loops_cross, serial_bayou_lake_a, uniq_jessica

Skill      XL: |  1  2  3 |
---------------+----------+-----
Dodging        | 1 |  1.5
Fighting       | 4 |  4.2
Armour         | 4 |  4.2
Shields        | 4 |  4.2
Axes           | 3 |  3.2

Action                   |  1- 3 |  4- 6 || total
-------------------------+-------+-------++-------
Melee: War axe           |    68 |     4 ||    72
       Headbutt          |    12 |     2 ||    14
Armor: Scale mail        |    18 |       ||    18
Dodge: Dodged            |    20 |     1 ||    21
Block: Buckler           |    13 |       ||    13
